 Dungeon Crawl Stone Soup version 0.25.1-8-g42b30a86e7 (webtiles) character file.

Game seed: 5069986630212850209

266 KamiKatze the Slasher (level 6, -4/63 HPs)
             Began as a Halfling Berserker on Dec 4, 2020.
             Was a Believer of Trog.
             Slain by an ogre
             ... wielding a +0 giant spiked club
              (22 damage)
             ... on level 4 of the Dungeon.
             The game lasted 00:14:56 (3534 turns).

KamiKatze the Slasher (Halfling Berserker)          Turns: 3534, Time: 00:14:57

Health: -4/63      AC:  5    Str: 20    XL:     6   Next: 44%
Magic:  6/6        EV: 14    Int:  5    God:    Trog [**....]
Gold:   127        SH:  0    Dex: 14    Spells: 5/5 levels left

rFire    . . .     SeeInvis .   a - +1 falchion (vamp)
rCold    . . .     Gourm    .   (shield restricted)
rNeg     . . .     Faith    .   f - +0 ring mail
rPois    .         Spirit   .   (no helmet)
rElec    .         Reflect  .   (no cloak)
rCorr    .         Harm     .   (no gloves)
MR       .....                  (no boots)
Stlth    ..........             k - amulet of magic regeneration
HPRegen  0.20/turn              (no ring)
MPRegen  0.35/turn              (no ring)

@: berserking, very quick
A: small, mutation resistance 1
a: Berserk, Trog's Hand, Renounce Religion


You were on level 4 of the Dungeon.
You worshipped Trog.
Trog was pleased with you.
You were not hungry.

You visited 1 branch of the dungeon, and saw 4 of its levels.

You collected 139 gold pieces.
You spent 12 gold pieces at shops.

Inventory:

Hand Weapons
 a - a +1 vampiric falchion (weapon)
 j - a +0 hand axe
 o - a +0 long sword
 u - a +0 flail
 x - a +0 hunting sling
Missiles
 g - 76 stones (quivered)
 t - 8 atropa-tipped darts
 w - 43 sling bullets
Armour
 f - a +0 ring mail (worn)
 i - a +0 scale mail
 n - a +0 leather armour
Jewellery
 k - an amulet of magic regeneration (around neck)
 y - an uncursed ring of poison resistance {unknown}
Scrolls
 b - a scroll of random uselessness {unknown}
 d - 4 scrolls of identify {unknown}
 e - 2 scrolls of fear {unknown}
 h - a scroll of immolation {unknown}
 l - 3 scrolls of fog {unknown}
 m - a scroll of magic mapping {unknown}
 q - a scroll of enchant armour {unknown}
 r - 2 scrolls of remove curse {unknown}
 z - a scroll of teleportation {unknown}
Potions
 p - a potion of invisibility {unknown}
 v - a potion of haste {unknown}
Comestibles
 c - 8 rations


   Skills:
 - Level 3.2 Fighting
 * Level 5.8 Long Blades
 - Level 3.0 Armour
 - Level 3.0 Dodging


You had 5 spell levels left.
You didn't know any spells.
Your spell library was empty.

Dungeon Overview and Level Annotations

Branches:
Dungeon (4/15)
 Temple: D:4-7

Altars:
Ashenzari
Okawaru
Qazlal
Yredelemnul

Shops:
D:4 !


Innate Abilities, Weirdness & Mutations

You are small and have problems with some larger weapons.
You are somewhat resistant to further mutation.


Message History

Found a scroll labeled OMEMOABOMNI.
A worker ant comes into view.
An orc wizard comes into view. It is wielding a +0 dagger.
A worker ant comes into view.
You hit the ogre.
You feel better.
The ogre is lightly wounded.
The ogre hits you with a +0 giant spiked club!
You slash the ogre!
The ogre is moderately wounded.
You hit the ogre.
You feel better.
The ogre is heavily wounded.
The ogre hits you with a +0 giant spiked club!!
Ouch! That really hurt!
* * * LOW HITPOINT WARNING * * *
The orc wizard casts a spell.
The orc wizard blinks!
A red film seems to cover your vision as you go berserk!
You feel yourself moving faster!
You feel mighty!
You feel a lot more hungry.
The ogre hits you with a +0 giant spiked club!!
You die...

#.......# ... #.a?#
#.......# ##### .. ....##.
#.......###...###. ..w....
........##..#.....#.......
#.........##.# #.#w##
#..>.....##.8.# #.8.#
#.......## #.#.###a##
...#.#..#.# #.#.#O#.#.
#..)...#.⌠.###.⌠@###.⌠
#..###..#.#.#.#.#.#.#.#
........####.#.#.#.####.
######.#. #.♣.###.♣.# .#
#.#.#.#.##.# ..#.....#..#
# .......#.....## #
...######....## # ..
#.####


You could see an ogre and a worker ant.

Vanquished Creatures
  A bullfrog skeleton (D:2)
  A hound (D:4)
  2 orc priests (D:3)
  4 adders
  A shadow imp (D:3)
  3 adder skeletons (D:4)
  A dart slug (D:3)
  5 leopard geckos
  9 orcs (D:3)
  A ball python (D:3)
  6 giant cockroaches
  7 goblins
  5 hobgoblins
  6 jackals (D:3)
  2 quokkas
  9 bats
  5 frilled lizards
  9 kobolds
  A leopard gecko skeleton (D:4)
  6 rats
84 creatures vanquished.

Notes
Turn   | Place    | Note
-------+----------+-------------------------------------------
     0 | D:1      | KamiKatze the Halfling Berserker began the quest for the
                  | Orb.
     0 | D:1      | Reached XP level 1. HP: 15/15 MP: 1/1
   350 | D:1      | Reached XP level 2. HP: 2/20 MP: 2/2
  1339 | D:2      | Reached XP level 3. HP: 23/25 MP: 3/3
  1385 | D:2      | Found an iron altar of Okawaru.
  1402 | D:2      | Reached XP level 4. HP: 5/31 MP: 4/4
  1759 | D:2      | Reached ** piety under Trog
  1829 | D:3      | Reached skill level 4 in Long Blades
  1892 | D:3      | Reached XP level 5. HP: 35/36 MP: 5/5
  1993 | D:3      | Found a shattered altar of Ashenzari.
  2341 | D:3      | Reached skill level 5 in Long Blades
  2756 | D:3      | Reached XP level 6. HP: 30/42 MP: 6/6
  3024 | D:3      | Found a basalt altar of Yredelemnul.
  3025 | D:3      | Found a stormy altar of Qazlal.
  3317 | D:4      | Found Fowneyd's Distillery.
  3325 | D:4      | Bought a potion of degeneration for 12 gold pieces
  3523 | D:4      | Noticed an ogre
  3534 | D:4      | Slain by an ogre

Illustrated notes

Levels and vault maps discovered:
D:1:      ncdulo_watergridlock, layout_loops_corners, feat_on_display
D:2:      layout_rooms, overflow_temple_1_default
D:3:      layout_loops_corners, nicolae_ashenzari_panopticon,
          nicolae_overflow_hidden_temple, st_stairs_13
D:4:      layout_loops_cross, nicolae_gozag_seed_capital, kennysheep_little_box,
          first_ration, serial_shops, shop_fountains, grunt_decor_mini_mirrors,
          elyvilon_altar_3

Skill      XL: |  1  2  3  4  5 |
---------------+----------------+-----
Fighting       | 3 |  3.2
Long Blades    | 4 5 |  5.8
Armour         | 3 |  3.0
Dodging        | 3 |  3.0

Action                   |  1- 3 |  4- 6 || total
-------------------------+-------+-------++-------
Melee: Falchion          |    90 |   185 ||   275
Throw: Stone             |     5 |       ||     5
Invok: Berserk           |     1 |     3 ||     4
       Trog's Hand       |       |     1 ||     1
 Stab: Sleeping          |     2 |       ||     2
  Eat: Chunk             |     2 |     7 ||     9
       Ration            |       |     1 ||     1
Armor: Animal skin       |     8 |       ||     8
       Leather armour    |     7 |     7 ||    14
       Ring mail         |       |    32 ||    32
Dodge: Dodged            |    69 |   137 ||   206
       Rpst.: Falchion   |    18 |    51 ||    69
